 Seeded DCSS version 0.30.1-4-g462c640d31 (webtiles) character file.

Game seed: 6351066067085065685 (custom seed)

811 Esekla the Grave Robber (level 7, -5/36 HPs)
             Began as a Deep Elf Necromancer on Aug 15, 2023.
             Was a Believer of Vehumet.
             Slain by a gnoll
             ... wielding a +0 halberd
              (12 damage)
             ... on level 4 of the Dungeon.
             The game lasted 00:19:02 (3668 turns).

Esekla the Grave Robber (Deep Elf Necromancer)      Turns: 3668, Time: 00:19:03

Health: -5/36      AC:  4    Str:  5    XL:     7   Next: 61%
Magic:  7/18       EV: 14    Int: 22    God:    Vehumet [**....]
Gold:   276        SH:  0    Dex: 18    Spells: 12/19 levels left

rFire   . . .        o - +5 rapier of the Hero {heavy, rN+ Dex+3}
rCold   . . .        (no shield)
rNeg    + . .        a - +0 robe
rPois   .            h - +0 helmet
rElec   .            (no cloak)
rCorr   .            j - +0 pair of gloves
SInv    .            (no boots)
Will    .....        x - amulet of magic regeneration
Stlth   +++          (no ring)
HPRegen 0.26/turn    (no ring)
MPRegen 0.56/turn

%: no passive effects
@: no status effects
A: no striking features
a: Renounce Religion


You were on level 4 of the Dungeon.
You worshipped Vehumet.
Vehumet was pleased with you.
You visited 1 branch of the dungeon, and saw 5 of its levels.

You collected 276 gold pieces.

Inventory:

Hand Weapons
 o - the +5 rapier of the Hero (weapon) {heavy, rN+ Dex+3}
   (You found it on level 3 of the Dungeon)

   Dex:       It affects your dexterity (+3).
   rN:        It protects you from negative energy.
 r - a +0 spear
Missiles
 v - 7 poisoned darts (quivered)
 D - a throwing net
Armour
 a - a +0 robe (worn)
 h - a +0 helmet (worn)
 j - a +0 pair of gloves (worn)
Jewellery
 x - an amulet of magic regeneration (around neck)
Wands
 c - a wand of roots (16)
 A - a wand of flame (15)
Scrolls
 e - 3 scrolls of fear {unknown}
 l - 2 scrolls of amnesia {unknown}
 m - a scroll of enchant armour {unknown}
 n - a scroll of immolation {unknown}
 p - a scroll of blinking {unknown}
 t - 5 scrolls of identify {unknown}
 u - 2 scrolls of fog {unknown}
 w - a scroll of magic mapping {unknown}
 y - 3 scrolls of enchant weapon {unknown}
 B - a scroll of silence {unknown}
 C - a scroll of summoning {unknown}
Potions
 b - a potion of magic
 d - a potion of ambrosia {unknown}
 f - a potion of haste {unknown}
 g - a potion of mutation {unknown}
 i - 5 potions of curing {unknown}
 k - 2 potions of attraction {unknown}
 q - 3 potions of brilliance {unknown}
 s - a potion of heal wounds {unknown}
 z - a potion of lignification {unknown}


   Skills:
 + Level 2.2 Short Blades
 + Level 0.8 Throwing
 * Level 4.7 Dodging
 + Level 3.3 Stealth
 * Level 6.5 Spellcasting
 * Level 2.9 Conjurations
 * Level 7.2 Necromancy
 * Level 0.4 Air Magic
 * Level 0.5 Poison Magic


You had 12 spell levels left.
You knew the following spells:

 Your Spells              Type           Power      Damage    Failure   Level
a - Magic Dart            Conj           76%        1d6       2%          1
b - Necrotise             Necr           100%       1d9       1%          1
d - Vampiric Draining     Necr           39%        2d8       1%          3
v - Poisonous Vapours     Pois/Air       18%        N/A       11%         2

Your spell library contained the following spells:

 Spells                   Type           Power      Damage    Failure   Level
 Animate Dead             Necr           39%        N/A       4%          4
 Agony                    Necr           39%        N/A       12%         5
 Lesser Beckoning         Tloc           14%        N/A       13%         2
 Spider Form              Tmut/Pois      8%         N/A       24%         3
 Gell's Gravitas          Tloc           7%         N/A       26%         3
 Teleport Other           Tloc           7%         N/A       26%         3
 Cause Fear               Hex            3%         N/A       65%         4
 Summon Mana Viper        Hex/Summ       7%         N/A       94%         5


Dungeon Overview and Level Annotations

Branches:
Dungeon (5/15)
 Temple: D:4-7

Altars:
Dithmenos
Hepliaklqana
Okawaru
Qazlal
Trog
Vehumet
Zin
The Shining One

Shops:
D:2 =   D:4 (


Message History

The gnoll hits you with a +0 club! The gnoll closely misses you.
The gnoll misses you. The gnoll hits you with a +0 flail.
Casting: Vampiric Draining (safe; 1% risk of failure)
Confirm with . or Enter, or press ? or * to list all spells.
Aiming: Vampiric Draining (safe; 1% risk of failure)
Press: ? - help, Shift-Dir - straight line, f/p - gnoll
Aim: a gnoll, wielding a +0 flail (heavily wounded)
You draw life force from the gnoll!
You kill the gnoll!
Vehumet accepts your kill.
You feel life coursing into your body. The gnoll barely misses you.
Casting: Vampiric Draining (safe; 1% risk of failure)
Confirm with . or Enter, or press ? or * to list all spells.
Aiming: Vampiric Draining (safe; 1% risk of failure)
Press: ? - help, Shift-Dir - straight line, f - gnoll
Aim: a gnoll, wielding a +0 club You draw life force from the gnoll.
You feel life coursing into your body.
The gnoll shouts!
The gnoll hits you with a +0 club.
The gnoll hits you from afar with a +0 halberd!
Casting: Vampiric Draining (safe; 1% risk of failure)
Confirm with . or Enter, or press ? or * to list all spells.
Aiming: Vampiric Draining (safe; 1% risk of failure)
Press: ? - help, Shift-Dir - straight line, f/p - gnoll
Aim: a gnoll, wielding a +0 club (moderately wounded)
You draw life force from the gnoll.
You feel life coursing into your body. The gnoll hits you with a +0 club.
The gnoll hits you from afar with a +0 halberd!
* * * LOW HITPOINT WARNING * * *
Casting: Vampiric Draining (safe; 1% risk of failure)
Confirm with . or Enter, or press ? or * to list all spells.
Aiming: Vampiric Draining (safe; 1% risk of failure)
Press: ? - help, Shift-Dir - straight line, f/p - gnoll
Aim: a gnoll, wielding a +0 club (severely wounded)
You draw life force from the gnoll!
You kill the gnoll!
Vehumet accepts your kill.
You feel your power returning.
You feel life coursing into your body.
The gnoll hits you from afar with a +0 halberd!
You die...

#.g.........##.....
##gg.........##.....
#............##.....
#............##.....
#.............#.....
#.............####'#
#...........>...))..
#g####........####.#
#.)@..........####.#
#.)[................
#..................#
#..................#
#........##........#
#........##........#
#........#########.#
#.........###......#
##.................#


You could see a gnoll.

Vanquished Creatures
  A black bear (D:2)
  An ogre (D:5)
  2 scorpions (D:5)
  A gnoll bouda (D:4)
  4 hounds
  A sleepcap (D:5)
  4 iguanas
  10 gnolls
  8 adders
  A white imp (D:5)
  A worm (D:4)
  3 dart slugs
  9 orcs
  6 ball pythons
  4 endoplasms
  7 goblins
  5 hobgoblins
  A quokka (D:1)
  4 bats
  4 frilled lizards
  5 kobolds
  A rat (D:2)
83 creatures vanquished.

Notes
Turn   | Place    | Note
-------+----------+-------------------------------------------
     0 | D:1      | Esekla the Deep Elf Necromancer began the quest for the
                  | Orb.
     0 | D:1      | Reached XP level 1. HP: 10/10 MP: 6/6
   123 | D:1      | Reached skill level 5 in Necromancy
   288 | D:4      | Found an iron altar of Okawaru.
   352 | D:4      | Found a glowing silver altar of Zin.
   372 | D:4      | Found a radiant altar of Vehumet.
   382 | D:4      | Found a glowing golden altar of the Shining One.
   396 | D:4      | Became a worshipper of Vehumet
   402 | D:4      | Reached XP level 2. HP: 4/15 MP: 8/8
   753 | D:3      | Found a stormy altar of Qazlal.
   781 | D:3      | Reached XP level 3. HP: 14/19 MP: 9/9
   785 | D:3      | Learned a level 3 spell: Vampiric Draining
   833 | D:3      | Found a hazy altar of Hepliaklqana.
   835 | D:3      | Found a bloodstained altar of Trog.
  1029 | D:3      | Reached skill level 1 in Short Blades
  1194 | D:3      | Identified the +5 rapier of the Hero {heavy, rN+ Dex+3}
  1277 | D:2      | Found Renulab's Jewellery Shop.
  1300 | D:2      | Reached XP level 4. HP: 24/24 MP: 11/11
  1408 | D:1      | Reached * piety under Vehumet
  1408 | D:1      | Offered knowledge of Magic Dart by Vehumet.
  1414 | D:1      | Learned a level 1 spell: Magic Dart
  1779 | D:2      | Found a faded altar of an unknown god.
  1870 | D:2      | Noticed a black bear
  1881 | D:2      | Killed a black bear
  1882 | D:2      | Reached skill level 1 in Conjurations
  1882 | D:2      | Reached skill level 6 in Necromancy
  1882 | D:2      | Reached XP level 5. HP: 28/28 MP: 8/13
  2463 | D:4      | Reached XP level 6. HP: 6/32 MP: 6/14
  2467 | D:5      | Entered Level 5 of the Dungeon
  2475 | D:5      | Got the Parchment of the Lumpy Olives
  2491 | D:5      | Found a shadowy altar of Dithmenos.
  2689 | D:5      | Reached skill level 5 in Spellcasting
  2792 | D:5      | Reached XP level 7. HP: 36/36 MP: 17/17
  2947 | D:5      | Reached skill level 7 in Necromancy
  3195 | D:4      | Found Ponaysk's Antique Weapon Boutique.
  3357 | D:4      | Reached ** piety under Vehumet
  3357 | D:4      | Offered knowledge of Poisonous Vapours by Vehumet.
  3361 | D:4      | Learned a level 2 spell: Poisonous Vapours
  3668 | D:4      | Slain by a gnoll

Illustrated notes

Levels and vault maps discovered:
D:1:      sevenhm_arrival_forest_fort_small_3, layout_rooms,
          chequers_serial_rivers_room_b, minmay_misc_feat_five
D:2:      layout_loops_ring, dreamdust_ecumenical_altar_angels_and_demons,
          serial_shops, shop
D:3:      layout_basic, grunt_temple_overflow_open, minmay_misc_feat_iff
D:4:      layout_basic, nicolae_overflow_quartered_altars, serial_shops,
          nicolae_diamond_shop
D:5:      layout_loops_ring, lemuel_doored_altar, minmay_misc_feat_rows,
          dreamdust_wishing_well

Skill      XL: |  1  2  3  4  5  6  7 |
---------------+----------------------+-----
Necromancy     | 5 6 7 |  7.2
Dodging        | 3 4 |  4.7
Short Blades   | 1 2 |  2.2
Stealth        | 3 |  3.3
Spellcasting   | 4 5 6 |  6.5
Conjurations   | 1 2 |  2.9
Throwing       | |  0.8
Air Magic      | |  0.4
Poison Magic   | |  0.5

Action                     |  1- 3 |  4- 6 |  7- 9 || total
---------------------------+-------+-------+-------++-------
  Melee: Short sword       |   107 |       |       ||   107
         Unarmed           |     9 |       |       ||     9
         Punch             |     2 |     1 |     1 ||     4
         Rapier            |     1 |    68 |    30 ||    99
  Throw: Dart              |       |    13 |     3 ||    16
   Cast: Vampiric Draining |     5 |    15 |    20 ||    40
   Stab: Distracted        |       |     1 |       ||     1
         Sleeping          |       |       |     3 ||     3
 Armour: Robe              |    24 |    28 |     5 ||    57
  Dodge: Dodged            |    84 |    76 |    29 ||   189
